 Dungeon Crawl Stone Soup version 0.30.0-30-g96aa6591b8 (webtiles) character file.

Game seed: 5561084321436602684

72 LustLizard the Chopper (level 3, -2/30 HPs)
             Began as a Demigod Gladiator on June 29, 2023.
             Slain by a gnoll
             ... wielding a +0 halberd
              (5 damage)
             ... on level 2 of the Dungeon.
             The game lasted 00:02:30 (1415 turns).

LustLizard the Chopper (Demigod Gladiator)          Turns: 1415, Time: 00:02:31

Health: -2/30      AC:  7    Str: 15    XL:     3   Next: 80%
Magic:  5/5        EV: 10    Int: 14    God:
Gold:   88         SH:  0    Dex: 15    Spells: 2/2 levels left

rFire   . . .        a - +0 war axe
rCold   . . .        (no shield)
rNeg    . . .        p - +0 scale mail
rPois   .            c - +0 helmet
rElec   .            (no cloak)
rCorr   .            (no gloves)
SInv    .            (no boots)
Will    .....        (no amulet) Stlth
                     (no ring)
HPRegen 0.25/turn    (no ring)
MPRegen 0.09/turn

%: no passive effects
@: no status effects
A: high MP 1, forlorn, divine attributes
a: no special abilities


You were on level 2 of the Dungeon.
You visited 1 branch of the dungeon, and saw 2 of its levels.

You collected 88 gold pieces.

Inventory:

Hand Weapons
 a - a +0 war axe (weapon)
Missiles
 d - 2 throwing nets
 e - 5 javelins
 i - 21 stones (quivered)
Armour
 b - a +0 leather armour
 c - a +0 helmet (worn)
 p - a +0 scale mail (worn)
Scrolls
 f - a scroll of poison
 j - a scroll of fog {unknown}
 l - 3 scrolls of identify {unknown}
 o - a scroll of teleportation {unknown}
 q - a scroll of magic mapping {unknown}
 s - a scroll of vulnerability {unknown}
 t - a scroll of amnesia {unknown}
Potions
 g - 2 potions of cancellation {unknown}
 h - a potion of brilliance {unknown}
 k - a potion of haste {unknown}
 m - a potion of resistance {unknown}
 n - a potion of degeneration {unknown}
 r - a potion of might {unknown}
 u - a potion of heal wounds {unknown}


   Skills:
 + Level 2.4 Fighting
 + Level 3.2 Axes
 - Level 2.0 Throwing
 - Level 2.6 Dodging
 * Level 2.2 Unarmed Combat


You had 2 spell levels left.
You didn't know any spells.
Your spell library was empty.

Dungeon Overview and Level Annotations

Branches:
Dungeon (2/15)

Shops:
D:1 =


Innate Abilities, Weirdness & Mutations

You have an increased reservoir of magic. (+10% MP)
You shall have no god before yourself.
Your divine heritage dramatically boosts your attributes as you level up.


Message History

* * * LOW HITPOINT WARNING * * *
You see here an adder corpse.
You see here a frilled lizard corpse.
There is an open door here.
Throw: 22 stones
Press: ? - help, Q - select action, (/) - cycle Shift-Dir - straight line, f - gnoll
Aim: a gnoll, wielding a +0 halberd (64% to hit)
You throw a stone. The stone hits the gnoll.
The gnoll is moderately wounded.
Unknown command.
The gnoll hits you but does no damage.
You closely miss the gnoll.
The gnoll is moderately wounded.
The gnoll closely misses you. The gnoll hits you but does no damage.
You barely miss the gnoll.
The gnoll is moderately wounded.
The gnoll closely misses you.
You closely miss the gnoll.
The gnoll is moderately wounded.
The gnoll hits you with a +0 halberd!
You closely miss the gnoll.
The gnoll is moderately wounded.
The gnoll hits you with a +0 halberd. The gnoll barely misses you.
You hit the gnoll.
The gnoll is moderately wounded.
The gnoll hits you with a +0 halberd.
You closely miss the gnoll.
The gnoll is moderately wounded.
The gnoll hits you with a +0 halberd.
You closely miss the gnoll.
The gnoll is moderately wounded.
The gnoll hits you with a +0 halberd!
* * * LOW HITPOINT WARNING * * *
The gnoll hits you with a +0 halberd.
* * * LOW HITPOINT WARNING * * *
Unknown command.
You closely miss the gnoll.
The gnoll is moderately wounded.
The gnoll hits you with a +0 halberd.
You die...

....[..# #.# #.....# #g#
..)###.# #.# #.....# #.#
...# #.###.#######.....#
#g# .#.#
#..............#### #.#
...#
#####.#################.#
.#########.#
#g..g.g.g.....#
##...†...#.#
#g#############
#.#.....#.#####g#
#.#######.<..##@#
#.......'....##'#####
##########
#########...........#
#........# #...........#
#........#
###...........#
#........#
..#..........<#
#.........
#.#...........#
#†........
#.#####.......#
#......... #.^
#.......###.........


You could see 3 gnolls.

Vanquished Creatures
  3 adders (D:2)
  A gnoll (D:2)
  2 dart slugs (D:2)
  2 bats (D:1)
  4 endoplasms
  A giant cockroach (D:2)
  A goblin (D:2)
  2 hobgoblins (D:1)
  3 jackals (D:1)
  2 frilled lizards (D:2)
  5 kobolds (D:1)
  6 rats
32 creatures vanquished.

Notes
Turn   | Place    | Note
-------+----------+-------------------------------------------
     0 | D:1      | LustLizard the Demigod Gladiator began the quest for the
                  | Orb.
     0 | D:1      | Reached XP level 1. HP: 17/17 MP: 3/3
   341 | D:1      | Reached XP level 2. HP: 19/24 MP: 4/4
   398 | D:1      | Reached skill level 1 in Unarmed Combat
   479 | D:1      | Found Inki's Jewellery Shoppe.
  1009 | D:2      | Reached skill level 3 in Axes
  1033 | D:2      | Reached XP level 3. HP: 27/29 MP: 5/5
  1415 | D:2      | Slain by a gnoll

Illustrated notes

Levels and vault maps discovered:
D:1:      wander_arrival_estate, layout_loops_ring, serial_shops,
          nicolae_diamond_shop, minmay_tromino_v4_c
D:2:      layout_basic, shapermc_ecumenical_altar_starsandcircs, minmay_cut_off

Skill      XL: |  1  2  3 |
---------------+----------+-----
Fighting       | 2 |  2.4
Throwing       | 2 |  2.0
Unarmed Combat | 1 2 |  2.2
Axes           | 3 |  3.2
Dodging        | |  2.6

Action                     || total
---------------------------++-------
  Melee: War axe           ||   103
  Throw: Throwing net      ||     1
         Stone             ||     5
    Use: Scroll            ||     1
   Stab: Sleeping          ||     2
 Armour: Leather armour    ||    22
         Scale mail        ||    22
  Dodge: Dodged            ||    65
